 Dungeon Crawl Stone Soup version 0.21.1-1-g345015fe64 (webtiles) character file.

6836 Htamos the Slicer (level 10, 0/69 HPs)
             Began as a Black Draconian Fire Elementalist on July 17, 2018.
             Was a Follower of Ashenzari.
             Succumbed to Josephine's poison
             ... on level 10 of the Dungeon.
             The game lasted 00:37:50 (12636 turns).

Htamos the Slicer (DrFE)                           Turns: 12636, Time: 00:37:51

Health: 0/69       AC: 11    Str: 15    XL:     10   Next: 77%
Magic:  8/19       EV: 16    Int: 20    God:    Ashenzari [*.....]
Gold:   468        SH:  0    Dex: 11    Spells: 18/21 levels left

rFire    . . .     SeeInvis .   p - +4 rapier (speed)
rCold    . . .     Gourm    +   (no shield)
rNeg     . . .     Faith    .   (armour unavailable)
rPois    .         Spirit   .   O - +2 hat
rElec    +         Reflect  .   w - +1 cloak {MR+}
rCorr    .         Harm     .   (no gloves)
MR       +....                  (no boots)
Stlth    ++........             P - amulet of the gourmand
HPRegen  0.21/turn              i - +4 ring of evasion
MPRegen  0.16/turn              (no ring)

@: mighty, lethally poisoned (0 -> -27), flying, very slightly contaminated,
drained
A: breathe lightning, unfitting armour, electricity resistance, cold-blooded, AC
+7
a: Breathe Lightning, Curse Item, Scrying, Renounce Religion


You were on level 10 of the Dungeon.
You worshipped Ashenzari.
Ashenzari was aware of your devotion.
You were completely stuffed.

You visited 1 branch of the dungeon, and saw 10 of its levels.
You also visited: Bailey.

You collected 468 gold pieces.

Inventory:

Hand Weapons
 c - a +0 club
 e - a cursed -1 club
 h - a +1 dagger of venom
 m - a cursed -2 whip
 n - a +3 hand axe
 o - a +2 halberd of electrocution
 p - a +4 rapier of speed (weapon)
 t - a +2 short sword of electrocution
 E - a +4 flail of holy wrath
 W - a +0 rapier
Missiles
 d - 295 stones (quivered)
 f - 4 needles of sleeping
 g - a throwing net
 D - 59 poisoned needles
 K - 67 tomahawks of returning
Armour
 l - a +2 hat
 w - a +1 cloak of magic resistance (worn)
 G - a +0 chain mail
 O - a +2 hat (worn)
Jewellery
 i - a +4 ring of evasion (left hand)
 P - an amulet of the gourmand (around neck)
 X - an uncursed ring of wizardry
Wands
 u - a wand of paralysis (18)
 y - a wand of flame (42)
 C - a wand of random effects (21)
 I - a wand of iceblast (1)
 V - a wand of clouds (5)
Scrolls
 k - 2 scrolls of fog
 q - 4 scrolls of teleportation
 x - 2 scrolls of amnesia
 z - 2 scrolls of identify
 N - 3 scrolls of magic mapping
 R - a scroll of fear {unknown}
 S - a scroll of enchant armour {unknown}
 T - 2 scrolls of vulnerability {unknown}
Potions
 r - 2 potions of resistance {unknown}
 s - a potion of flight
 v - a potion of ambrosia {unknown}
 F - 3 potions of magic {unknown}
 J - 5 potions of mutation {unknown}
 L - 2 potions of heal wounds {unknown}
 M - a potion of experience {unknown}
 U - 2 potions of brilliance {unknown}
Books
 a - a book of Flames

   Spells                             Type                      Level
   a - Flame Tongue                   Conjuration/Fire             1
   b - Throw Flame                    Conjuration/Fire             2
   c - Conjure Flame                  Conjuration/Fire             3
   d - Inner Flame                    Hexes/Fire                   3
   e - Sticky Flame                   Conjuration/Fire             4
   f - Fireball                       Conjuration/Fire             5
 H - a book of Necromancy

   Spells                             Type                      Level
   a - Pain                           Necromancy                   1
   b - Animate Skeleton               Necromancy                   1
   c - Vampiric Draining              Necromancy                   3
   d - Regeneration                   Charms/Necromancy            3
   e - Animate Dead                   Necromancy                   4
   f - Borgnjor's Vile Clutch         Necromancy/Earth             5
 Q - a book of Frost

   Spells                             Type                      Level
   a - Freeze                         Ice                          1
   b - Throw Frost                    Conjuration/Ice              2
   c - Ozocubu's Armour               Charms/Ice                   3
   d - Throw Icicle                   Conjuration/Ice              4
   e - Summon Ice Beast               Ice/Summoning                4
Comestibles
 b - 13 rations
 B - 5 chunks of flesh


   Skills:
 * Level 11.1(10.4) Short Blades
 - Level 1.7(1.1) Dodging
 - Level 1.7(1.1) Stealth
 - Level 6.0(5.4) Spellcasting
 - Level 4.5(3.9) Conjurations
 + Level 9.9(9.1) Fire Magic


You had 18 spell levels left.
You knew the following spells:

 Your Spells              Type           Power        Failure   Level  Hunger
a - Flame Tongue          Conj/Fire      ####.        1%          1    None
b - Throw Flame           Conj/Fire      ####..       1%          2    None


Dungeon Overview and Level Annotations

Branches:
Dungeon (10/15)            Temple (0/1) D:7
   Lair: D:8-11         Orc: D:9-12

Altars:
Ashenzari
Cheibriados
Gozag
Hepliaklqana
Makhleb
Qazlal
Ru
Wu Jian
Yredelemnul
Zin
The Shining One

Shops:
D:5 }   D:8 (

Annotations:
D:5 2 transporters
D:10 Josephine


Innate Abilities, Weirdness & Mutations

You can breathe wild blasts of lightning.
Your glossy black scales are hard. (AC +7)
You cannot fit into any form of body armour.
You are resistant to electric shocks. (rElec)
You are cold-blooded and may be slowed by cold attacks.


Message History

Josephine draws life force from you and is healed!
You feel very mighty all of a sudden.
* * * LOW HITPOINT WARNING * * *
You feel sick.
Josephine hits you with a dagger of venom.
* * * LOW HITPOINT WARNING * * *
You are more poisoned.
Josephine hits you but does no damage.
You are more poisoned.
Okay, then.
Blink to where?
Press: ? - help, Dir - move target cursor, p - Josephine You are very lightly contaminated with residual magic.
As you read the scroll of blinking, it crumbles to dust.
* * * LOW HITPOINT WARNING * * *
You feel very sick.
It was a potion of flight.
You feel very buoyant.
You fly up into the air.
You die...

....W............................
...........#####..########.......
...........# #..# #..#####
........# #..# #..# ........#
#..# #..# ........# #..# #..#
....... #..# #..# ..(...W #..#
#).#
.......#####@.########..#####
.......@..............>......
.............................
..####..#####################
#..# #.(# #..# #..# #..#


You could see Josephine.

Vanquished Creatures
  Maurice (D:8)
  Grinder (D:4)
  The ghost of Analysis the Shield-Bearer, an amateur GrFi (D:4)
  4 wraiths
  4 hogs (D:8)
  A human (D:8)
  A hungry ghost (D:7)
  Edmund (D:6)
  Duvessa (D:6)
  2 orc warriors
  5 sky beasts
  2 black bears
  A phantom (D:6)
  3 ice beasts
  7 centaurs
  An ogre (D:6)
  Blork the orc (D:6)
  4 bullfrogs
  4 scorpions
  Dowan (D:6)
  6 killer bees (D:8)
  3 wights (D:6)
  A howler monkey (D:6)
  A crimson imp (D:8)
  A centaur zombie (D:9)
  3 orc priests (D:5)
  8 hounds
  A jelly (D:9)
  13 orc wizards
  Crazy Yiuf (D:6)
  3 bullfrog skeletons
  Jessica (D:2)
  6 iguanas
  6 worker ants
  13 gnolls (Bailey)
  18 adders
  3 shadow imps
  2 oozes
  An adder skeleton (D:4)
  3 adder zombies
  A worm (D:2)
  5 dart slugs
  10 leopard geckos
  21 orcs
  7 giant cockroaches
  7 goblins
  16 hobgoblins
  2 jackals (D:7)
  3 quokkas
  A ball python (D:6)
  7 bats
  4 frilled lizards
  A giant cockroach zombie (D:5)
  15 kobolds
  A leopard gecko skeleton (D:5)
  A quokka skeleton (D:5)
  A quokka zombie (D:7)
  5 rats
248 creatures vanquished.

Vanquished Creatures (others)
  5 fungi (D:6)
5 creatures vanquished.

Grand Total: 253 creatures vanquished

Notes
Turn   | Place    | Note
-------+----------+-------------------------------------------
     0 | D:1      | Htamos the Draconian Fire Elementalist began the quest for the Orb.
     0 | D:1      | Reached XP level 1. HP: 14/14 MP: 3/3
   418 | D:1      | Reached XP level 2. HP: 20/20 MP: 1/5
  1097 | D:2      | Reached XP level 3. HP: 26/26 MP: 3/6
  1210 | D:2      | Noticed Jessica
  1249 | D:2      | Killed Jessica
  1363 | D:2      | Reached XP level 4. HP: 33/33 MP: 5/8
  1745 | D:2      | Found a stormy altar of Qazlal.
  1759 | D:2      | Noticed an air elemental
  1768 | D:2      | Noticed a fire elemental
  1769 | D:2      | Noticed an earth elemental
  1769 | D:2      | Noticed a water elemental
  1942 | D:2      | Found a glowing silver altar of Zin.
  2163 | D:3      | Found a basalt altar of Yredelemnul.
  2165 | D:3      | Noticed a profane servitor
  2178 | D:3      | Found a glowing golden altar of the Shining One.
  2180 | D:3      | Noticed an angel
  2268 | D:3      | Found a snail-covered altar of Cheibriados.
  2271 | D:3      | Reached XP level 5. HP: 38/38 MP: 6/9
  2298 | D:3      | Reached skill level 1 in Short Blades
  2628 | D:3      | Found a stormy altar of Qazlal.
  2748 | D:3      | Found a sacrificial altar of Ru.
  2993 | D:4      | Reached XP level 6. HP: 45/45 MP: 3/11
  2997 | D:4      | Learned a level 2 spell: Throw Flame
  3058 | D:4      | Noticed Grinder
  3073 | D:4      | Paralysed by Grinder for 5 turns
  3085 | D:4      | Noticed Analysis's ghost (amateur GrFi)
  3094 | D:4      | Killed Grinder
  3094 | D:4      | Reached skill level 2 in Short Blades
  3094 | D:4      | Reached skill level 5 in Fire Magic
  3338 | D:4      | Killed Analysis's ghost
  3338 | D:4      | Reached skill level 3 in Short Blades
  3338 | D:4      | Your scales start taking on a glossy black colour.
  3338 | D:4      | Reached XP level 7. HP: 35/50 MP: 13/13
  3338 | D:4      | Gained mutation: You are resistant to electric shocks. (rElec) [Black Draconian growth]
  3496 | D:4      | Found a shattered altar of Ashenzari.
  3520 | D:4      | Became a worshipper of Ashenzari the Shackled
  4106 | D:5      | Entered Level 5 of the Dungeon
  4196 | D:5      | Found Xeuluc's Gadget Shoppe.
  4240 | D:5      | Reached skill level 4 in Short Blades
  4364 | D:5      | Reached skill level 5 in Spellcasting
  4364 | D:5      | Reached XP level 8. HP: 57/57 MP: 9/15
  4873 | D:5      | Reached skill level 5 in Short Blades
  5018 | D:5      | Found an opulent altar of Gozag.
  5227 | D:5      | Found a hazy altar of Hepliaklqana.
  5261 | D:5      | Found an ornate altar of the Wu Jian Council.
  5263 | D:5      | Noticed a six-headed hydra
  5266 | D:5      | Found a transporter.
  5275 | D:5      | Found a transporter.
  5659 | D:6      | Noticed Edmund
  5675 | D:6      | Killed Edmund
  5800 | D:6      | Reached XP level 9. HP: 62/62 MP: 18/18
  5981 | D:6      | Reached skill level 6 in Short Blades
  5982 | D:6      | Noticed Blork the orc
  6051 | D:6      | Killed Blork the orc
  6165 | D:6      | Noticed Dowan
  6166 | D:6      | Noticed Duvessa
  6201 | D:6      | Killed Dowan
  6240 | D:6      | Killed Duvessa
  6545 | D:6      | Reached skill level 7 in Short Blades
  6807 | D:6      | Found a runed door.
  6811 | D:6      | Noticed Crazy Yiuf
  6820 | D:6      | Killed Crazy Yiuf
  7291 | D:7      | Reached * piety under Ashenzari
  7308 | D:7      | Found a glowing silver altar of Zin.
  7426 | D:7      | Reached skill level 8 in Short Blades
  7917 | D:7      | Found a staircase to the Ecumenical Temple.
  8337 | D:8      | Noticed Maurice
  8396 | D:8      | Killed Maurice
  8396 | D:8      | Reached skill level 9 in Short Blades
  8396 | D:8      | Reached XP level 10. HP: 42/69 MP: 7/19
  8689 | D:8      | Found Hutymer's Weapon Shop.
  9021 | D:8      | Found a flagged portal.
  9030 | Bailey   | Entered a bailey
  9569 | Bailey   | Reached skill level 10 in Short Blades
 10253 | D:8      | Found a burning altar of Makhleb.
 11012 | D:9      | Reached ** piety under Ashenzari
 11315 | D:10     | Entered Level 10 of the Dungeon
 11427 | D:10     | Noticed Josephine
 12196 | D:10     | Reached skill level 11 in Short Blades
 12635 | D:10     | HP: 2/69 [poisoned by Josephine]
 12636 | D:10     | Succumbed to Josephine's poison

Skill      XL: |  1  2  3  4  5  6  7  8  9 10 |
---------------+-------------------------------+-----
Fire Magic     | 4 5 6 7 8 9 |  9.9
Conjurations   | 2 3 4 |  4.5
Spellcasting   | 3 4 5 6 |  6.0
Short Blades   | 1 3 4 5 9 11 | 11.1
Dodging        | |  1.7
Stealth        | |  1.7

Action                   |  1- 3 |  4- 6 |  7- 9 | 10-12 || total
-------------------------+-------+-------+-------+-------++-------
Melee: Unarmed           |     7 |       |       |       ||     7
       Rapier            |       |    58 |   460 |   284 ||   802
       Tailslap          |       |     7 |    37 |    35 ||    79
       Short sword       |       |     6 |       |       ||     6
 Cast: Flame Tongue      |    51 |    76 |    59 |    21 ||   207
       Throw Flame       |       |       |     7 |    96 ||   103
  Use: Scroll            |     3 |     6 |     4 |     2 ||    15
       Potion            |       |     3 |     5 |     7 ||    15
 Stab: Sleeping          |       |       |     5 |     2 ||     7
       Distracted        |       |       |     1 |       ||     1
  Eat: Chunk             |     2 |     6 |    13 |    31 ||    52
       Ration            |       |       |     1 |       ||     1
Armor: Skin              |     3 |    16 |   101 |    53 ||   173
Dodge: Dodged            |    30 |    72 |   212 |   204 ||   518
